[Event "Titled Tuesday Blitz August 15 Late 2023"]
[White "Bongo Akanga Ndjila, Barthelemy"]
[Black "Pinheiro, Iung Alicio de O."]
[WhiteFideId "10609431"]
[BlackFideId "2104350"]
[WhiteElo "2044"]
[BlackElo "2586"]
[Result "0-1"]
[Round "5"]
[TimeControl "180+1"]
[Date "2023.08.15"]
[WhiteClock "0:00:00"]
[BlackClock "0:00:13"]
[Board "147"]

1. d4 Nf6 2. c4 e6 3. Nf3 Bb4+ 4. Bd2 Qe7 5. g3 Nc6 6. Bg2 Bxd2+ 7. Nbxd2 d6 8. O-O a5 9. a3 e5 10. d5 Nb8 11. b4 Na6 12. Qb3 O-O 13. e4 Bg4 14. h3 Bd7 15. c5 dxc5 16. b5 Nb8 17. a4 Ne8 18. Nc4 f6 19. d6 Qf7 20. dxc7 Nxc7 21. Qc2 Ne6 22. Nd6 Qe7 23. Nxb7 Rc8 24. Rfd1 Nd4 25. Nxd4 cxd4 26. Qd2 Bxb5 27. Nxa5 Bd7 28. Nb3 Rxa4 29. Rxa4 Bxa4 30. Rb1 Nc6 31. Na5 Nxa5 32. Qxa5 Be8 33. Bf1 Bf7 0-1


[Site "https://www.chess.com"]

[Event "Titled Tuesday Blitz August 15 Late 2023"]
[White "Vila Dupla, Aurelio"]
[Black "Hirneise, Jens"]
[WhiteFideId "2203383"]
[BlackFideId "24614734"]
[WhiteElo "2119"]
[BlackElo "2476"]
[Result "1-0"]
[Round "5"]
[TimeControl "180+1"]
[Date "2023.08.15"]
[WhiteClock "0:00:39"]
[BlackClock "0:00:26"]
[Board "148"]

1. Nf3 c5 2. c4 Nf6 3. Nc3 Nc6 4. d4 d5 5. cxd5 Nxd5 6. e4 Nxc3 7. bxc3 cxd4 8. cxd4 e6 9. Bc4 Bb4+ 10. Ke2 Bc3 11. Rb1 Nxd4+ 12. Nxd4 Qxd4 13. Bb5+ Ke7 14. Qc2 Rd8 15. Ba3+ Kf6 16. Rhd1 Qd2+ 17. Rxd2 Rxd2+ 18. Qxd2 Bxd2 19. Kxd2 e5 20. Rc1 Be6 21. Bc4 Rd8+ 22. Ke3 Bxc4 23. Rxc4 Rd7 24. Bb2 Ke6 25. g3 f6 26. f4 exf4+ 27. gxf4 g6 28. a4 b6 29. Rc6+ Ke7 30. Bxf6+ Kf7 31. Bd4 Rb7 32. f5 gxf5 33. exf5 h5 34. Rf6+ Ke8 35. Rh6 b5 36. axb5 Rxb5 37. Rxh5 a5 38. Rh8+ Kf7 39. Ke4 Rb3 40. Ra8 Ra3 41. f6 a4 42. Ra7+ 1-0


[Site "https://www.chess.com"]

[Event "Titled Tuesday Blitz August 15 Late 2023"]
[White "Cheer_Down"]
[Black "Tqebuchava, Zurab"]
[BlackFideId "13601113"]
[WhiteElo "2309"]
[BlackElo "2174"]
[Result "1-0"]
[Round "5"]
[TimeControl "180+1"]
[Date "2023.08.15"]
[WhiteClock "0:00:11"]
[BlackClock "0:00:00"]
[Board "149"]

1. e4 d6 2. d4 g6 3. Nc3 Bg7 4. Nf3 Bg4 5. Be2 Bxf3 6. Bxf3 Nd7 7. h4 h5 8. Bg5 Ngf6 9. Qe2 e5 10. dxe5 Nxe5 11. O-O-O O-O 12. Kb1 c6 13. g3 Qc7 14. Bg2 b5 15. b3 a5 16. a4 b4 17. Na2 Rfe8 18. Rhe1 c5 19. f4 Nc6 20. Qc4 Rac8 21. Nc1 Ng4 22. e5 dxe5 23. Qxc5 exf4 24. Bxf4 Nce5 25. Qxc7 Rxc7 26. Nd3 Rce7 27. Bg5 f6 28. Bd5+ Kh7 29. Bf4 Nxd3 30. Rxe7 Rxe7 31. cxd3 Re2 32. Bc4 f5 33. d4 Rg2 34. Rd2 Rg1+ 35. Kc2 Nf6 36. Re2 Ne4 37. Bd3 Bxd4 38. Bxe4 fxe4 39. Rxe4 Rg2+ 40. Kd3 Bc3 41. Re7+ Kg8 42. Ra7 Rb2 43. Kc4 Rc2 44. Rxa5 Rd2 45. Ra7 Rd4+ 46. Kb5 Rd5+ 47. Kc6 Rd1 48. a5 Bd4 49. Rb7 Bf2 50. a6 Rd8 51. a7 Rc8+ 52. Kb5 Ra8 53. Rb8+ Kf7 54. Rxa8 Bxa7 55. Rxa7+ Ke6 56. Kxb4 Kf5 57. Kc4 Kg4 58. Ra6 Kh3 59. Rxg6 Kg2 60. Rg5 Kh3 61. Rxh5 Kg4 62. Rg5+ Kh3 63. h5 1-0


[Site "https://www.chess.com"]

[Event "Titled Tuesday Blitz August 15 Late 2023"]
[White "Hartikainen, Jarmo"]
[Black "GAO"]
[WhiteFideId "503134"]
[WhiteElo "2106"]
[BlackElo "2303"]
[Result "1-0"]
[Round "5"]
[TimeControl "180+1"]
[Date "2023.08.15"]
[WhiteClock "0:00:25"]
[BlackClock "0:00:05"]
[Board "150"]

1. e4 c5 2. c3 d5 3. exd5 Qxd5 4. d4 Nc6 5. Nf3 Bf5 6. Na3 e6 7. Be3 Nf6 8. dxc5 Qxd1+ 9. Rxd1 Ne4 10. Nb5 Rc8 11. Nd6+ Bxd6 12. cxd6 O-O 13. d7 Rcd8 14. Bb5 Bg4 15. Bxc6 bxc6 16. Bxa7 Ra8 17. Bb6 Rfd8 18. Bxd8 Rxd8 19. O-O f6 20. Rd4 Bf5 21. Rfd1 e5 22. Rc4 c5 23. Nh4 Bg4 24. f3 Be6 25. Rxe4 g5 26. Ra4 Kf7 27. g3 gxh4 28. Rxh4 Kg7 29. Ra4 Kf7 30. Ra5 Rxd7 31. Rxd7+ Bxd7 32. Rxc5 Be6 33. a4 Bd7 34. a5 1-0


[Site "https://www.chess.com"]

[Event "Titled Tuesday Blitz August 15 Late 2023"]
[White "Saucey, Michel"]
[Black "Milovic, Aleksandra"]
[WhiteFideId "601845"]
[BlackFideId "933988"]
[WhiteElo "2258"]
[BlackElo "2098"]
[Result "1-0"]
[Round "5"]
[TimeControl "180+1"]
[Date "2023.08.15"]
[WhiteClock "0:01:14"]
[BlackClock "0:00:53"]
[Board "151"]

1. d4 d5 2. c4 e6 3. Nc3 Nf6 4. Nf3 c6 5. e3 Be7 6. Bd3 O-O 7. O-O Nbd7 8. b3 b6 9. Bb2 Bb7 10. Ne5 c5 11. cxd5 exd5 12. f4 Ne4 13. Nxe4 dxe4 14. Bc4 Nf6 15. Qe2 Bd5 16. Rfd1 Bxc4 17. bxc4 Qc7 18. d5 Rfd8 19. Nc6 Rd7 20. Be5 Qc8 21. Nxe7+ Rxe7 22. Bxf6 gxf6 23. Qh5 Qf8 24. a4 Rd8 25. a5 Red7 26. axb6 axb6 27. Rdb1 Rd6 28. Ra7 Qg7 29. h3 h6 30. Qg4 Qxg4 31. hxg4 Rb8 32. Rc7 Kg7 33. Rxc5 bxc5 34. Rxb8 Ra6 35. Rc8 Ra5 36. d6 Ra7 37. Rxc5 Rd7 38. Rd5 Kf8 39. c5 1-0


[Site "https://www.chess.com"]

[Event "Titled Tuesday Blitz August 15 Late 2023"]
[White "Schut, Han"]
[Black "Maluco_do_Natal_00"]
[WhiteFideId "1005561"]
[WhiteElo "2236"]
[BlackElo "2074"]
[Result "1-0"]
[Round "5"]
[TimeControl "180+1"]
[Date "2023.08.15"]
[WhiteClock "0:02:45"]
[BlackClock "0:00:47"]
[Board "152"]

1. e4 c5 2. Nf3 Nc6 3. d4 cxd4 4. Nxd4 Nf6 5. Nc3 e5 6. Ndb5 d6 7. Nd5 Nxd5 8. exd5 Nb8 9. Qf3 Be7 10. Qc3 Na6 11. Be3 b6 12. Qc6+ Bd7 13. Qb7 Qc8 14. Qxa6 Qxc2 15. Rc1 1-0


[Site "https://www.chess.com"]

[Event "Titled Tuesday Blitz August 15 Late 2023"]
[White "Sarkar, Justin"]
[Black "cthake"]
[WhiteFideId "2010011"]
[WhiteElo "2226"]
[BlackElo "1825"]
[Result "1-0"]
[Round "5"]
[TimeControl "180+1"]
[Date "2023.08.15"]
[WhiteClock "0:00:24"]
[BlackClock "0:00:00"]
[Board "153"]

1. d4 Nf6 2. c4 e6 3. Nf3 b6 4. g3 Bb7 5. Bg2 Be7 6. d5 O-O 7. O-O exd5 8. Nh4 Ne4 9. cxd5 Bxh4 10. Bxe4 f5 11. Bg2 Bf6 12. Nc3 d6 13. Nb5 a6 14. Nd4 Bxd4 15. Qxd4 Qf6 16. Qxf6 Rxf6 17. b3 c5 18. dxc6 Bxc6 19. Bb2 Rf8 20. Rfd1 Bxg2 21. Kxg2 Rd8 22. Rac1 Ra7 23. Rd5 g6 24. Rcd1 Kf7 25. Rxd6 Rxd6 26. Rxd6 Nd7 27. Rc6 Ke7 28. h4 Rb7 29. h5 gxh5 30. Rh6 Nf8 31. Rxh5 Ke6 32. Rh6+ Kd5 33. Ba3 Ng6 34. Rh1 b5 35. Rc1 b4 36. Bb2 Re7 37. e3 a5 38. Kf3 Ne5+ 39. Bxe5 Rxe5 40. Kf4 Re8 41. Rc7 Rf8 42. Ra7 Rc8 43. Rxa5+ Ke6 44. Re5+ Kd6 45. Rxf5 Rc2 46. f3 Rxa2 47. Rb5 1-0


[Site "https://www.chess.com"]

[Event "Titled Tuesday Blitz August 15 Late 2023"]
[White "Womacka, Mathias"]
[Black "Alexikov, Alexander"]
[WhiteFideId "4611390"]
[BlackFideId "14103958"]
[WhiteElo "2459"]
[BlackElo "2213"]
[Result "1-0"]
[Round "5"]
[TimeControl "180+1"]
[Date "2023.08.15"]
[WhiteClock "0:00:14"]
[BlackClock "0:00:00"]
[Board "154"]

1. e4 c5 2. Nf3 d6 3. d4 cxd4 4. Nxd4 Nf6 5. Nc3 a6 6. Be2 e5 7. Nb3 Be6 8. f4 Qc7 9. g4 h6 10. g5 hxg5 11. fxg5 Nfd7 12. Bg4 Rh4 13. Bxe6 fxe6 14. Be3 Nc6 15. Qf3 Be7 16. Qg3 Rh8 17. Qg4 Nf8 18. O-O-O b5 19. Kb1 b4 20. Na4 Rb8 21. h4 Rb5 22. h5 Na5 23. Nxa5 Qxa5 24. b3 Qc7 25. h6 g6 26. Rd3 Kd7 27. c4 bxc3 28. Nxc3 Rb8 29. Nd5 Qb7 30. Rc1 Bd8 31. Rdc3 Ke8 32. Nc7+ Bxc7 33. Rxc7 Qb5 34. Qf3 Rh7 35. Rxh7 Nxh7 36. Bd2 a5 37. Rc7 Kd8 38. Rxh7 1-0


[Site "https://www.chess.com"]

[Event "Titled Tuesday Blitz August 15 Late 2023"]
[White "KSho99"]
[Black "Vifleemskaia, Svetlana"]
[BlackFideId "4129490"]
[WhiteElo "2209"]
[BlackElo "2356"]
[Result "0-1"]
[Round "5"]
[TimeControl "180+1"]
[Date "2023.08.15"]
[WhiteClock "0:00:00"]
[BlackClock "0:00:06"]
[Board "155"]

1. Nf3 Nf6 2. b3 g6 3. Bb2 Bg7 4. d4 O-O 5. e3 d6 6. Be2 a5 7. a4 Nbd7 8. O-O e5 9. dxe5 Ng4 10. Nc3 Ndxe5 11. Nxe5 Nxe5 12. f4 Nc6 13. Bf3 Re8 14. Qd2 f5 15. Rae1 Be6 16. Nd1 Qe7 17. Bxg7 Qxg7 18. Nc3 Rad8 19. Nb5 Re7 20. Bxc6 bxc6 21. Nd4 Bd5 22. Qxa5 Rde8 23. Qd2 Be4 24. b4 Ra8 25. a5 Qf7 26. Qc3 Qd5 27. Rf2 c5 28. bxc5 Qxc5 29. Qxc5 dxc5 30. Nb3 c4 31. Nd2 Rxa5 32. Nxc4 Rc5 33. Ne5 Rxc2 34. Rxc2 Bxc2 35. Rc1 Be4 36. Kf2 g5 37. g3 Kg7 38. Rc5 Kf6 39. Nf3 Bxf3 40. Kxf3 g4+ 41. Kf2 Rd7 42. Rc6+ Kg7 43. Ke2 h5 44. Rc5 Rf7 45. Rc6 Kf8 46. Rh6 Ke7 47. Rxh5 Rf6 48. Rh7+ Kd6 0-1


[Site "https://www.chess.com"]

[Event "Titled Tuesday Blitz August 15 Late 2023"]
[White "arturdailima"]
[Black "Oliveira, Tiago Batista"]
[BlackFideId "2108291"]
[WhiteElo "2301"]
[BlackElo "2156"]
[Result "1-0"]
[Round "5"]
[TimeControl "180+1"]
[Date "2023.08.15"]
[WhiteClock "0:00:54"]
[BlackClock "0:00:00"]
[Board "156"]

1. d4 Nf6 2. Bf4 d5 3. e3 g6 4. Nf3 Bg7 5. Be2 O-O 6. h3 c5 7. c3 Nc6 8. O-O b6 9. Nbd2 Re8 10. Ne5 Bb7 11. Ndf3 Nd7 12. Nxc6 Bxc6 13. b4 Rc8 14. b5 Bb7 15. a4 e5 16. Bg3 e4 17. Nd2 f5 18. Qb3 c4 19. Qa2 g5 20. a5 Qf6 21. axb6 axb6 22. Bh5 Ra8 23. Qb2 Rf8 24. h4 h6 25. hxg5 hxg5 26. Qb4 f4 27. Bh2 Qh6 28. Bg4 Nf6 29. Be6+ Kh8 30. Qe7 Rxa1 31. Rxa1 Bc8 32. Bxc8 Rxc8 33. Qe6 Rg8 34. Ra7 fxe3 35. fxe3 g4 36. Bf4 Qg6 37. Be5 Qe8 38. Qf5 Qf8 39. Nf1 Nh7 40. Qh5 1-0


[Site "https://www.chess.com"]

[Event "Titled Tuesday Blitz August 15 Late 2023"]
[White "Fernandez Hernandez, Gerardo"]
[Black "laskakid"]
[WhiteFideId "2207400"]
[WhiteElo "2237"]
[BlackElo "2125"]
[Result "0-1"]
[Round "5"]
[TimeControl "180+1"]
[Date "2023.08.15"]
[WhiteClock "0:00:00"]
[BlackClock "0:00:29"]
[Board "157"]

1. e4 e5 2. Nf3 Nc6 3. Bc4 Nf6 4. d4 exd4 5. e5 d5 6. Bb5 Nd7 7. O-O Be7 8. Bxc6 bxc6 9. Re1 c5 10. b4 O-O 11. bxc5 Bxc5 12. Nxd4 Qh4 13. c3 Re8 14. g3 Qh3 15. Bf4 Nb6 16. Qf3 Bg4 17. Qg2 Qh5 18. Nd2 Rad8 19. N4b3 Bf8 20. f3 Bc8 21. g4 Qg6 22. Qf1 Na4 23. Rac1 Nb2 24. Re3 Ba6 25. Qf2 Nd3 26. Rf1 Nxf2 27. Rxf2 c5 28. Bg3 d4 29. cxd4 cxd4 30. Re1 d3 31. f4 Qb6 32. f5 Bc5 33. Nxc5 Qxc5 34. h4 Bb7 35. Nf1 d2 36. Nxd2 Rxd2 0-1


[Site "https://www.chess.com"]

[Event "Titled Tuesday Blitz August 15 Late 2023"]
[White "tomobeast"]
[Black "dorpato"]
[WhiteElo "2225"]
[BlackElo "2057"]
[Result "1-0"]
[Round "5"]
[TimeControl "180+1"]
[Date "2023.08.15"]
[WhiteClock "0:02:34"]
[BlackClock "0:00:06"]
[Board "158"]

1. e4 c5 2. Nf3 d6 3. d4 cxd4 4. Nxd4 Nf6 5. Nc3 a6 6. Nb3 e5 7. Be2 Be7 8. Bg5 O-O 9. Bxf6 Bxf6 10. Nd5 Be7 11. Qd3 Be6 12. Kd1 Bxd5 13. exd5 Nd7 14. c4 f5 15. Kc2 Rc8 16. Rac1 b5 17. Kb1 bxc4 18. Rxc4 Nb6 19. Rc6 Rxc6 20. dxc6 Qc7 21. Rc1 Ra8 22. Na5 e4 23. Qb3+ Kh8 24. Nc4 Nxc4 25. Rxc4 d5 26. Rc1 d4 27. Qe6 Bf6 28. Qxf5 d3 29. Bd1 Qb6 30. Bb3 a5 31. c7 h6 32. c8=Q+ Rxc8 33. Qxc8+ Kh7 34. Qf5+ Kh8 35. Qxe4 a4 36. Qxa4 d2 37. Qa8+ Kh7 38. Qe4+ g6 39. Rd1 Qxf2 40. Qb7+ Bg7 41. Qf3 Qd4 42. Qc3 Qe4+ 43. Qc2 Qxg2 44. Qxd2 Qxd2 45. Rxd2 g5 46. a4 1-0


[Site "https://www.chess.com"]

[Event "Titled Tuesday Blitz August 15 Late 2023"]
[White "Duda, Jan-Krzysztof"]
[Black "Firouzja, Alireza"]
[WhiteFideId "1170546"]
[BlackFideId "12573981"]
[WhiteElo "3063"]
[BlackElo "3134"]
[Result "1-0"]
[Round "6"]
[TimeControl "180+1"]
[Date "2023.08.15"]
[WhiteClock "0:00:56"]
[BlackClock "0:00:00"]
[Board "1"]

1. c4 g6 2. Nc3 Bg7 3. g3 Nf6 4. Bg2 O-O 5. e4 d6 6. Nge2 c5 7. O-O Nc6 8. h3 a6 9. d3 Rb8 10. a4 b6 11. Be3 Bb7 12. d4 Nd7 13. d5 Na5 14. b3 Re8 15. Rb1 e6 16. Qd2 exd5 17. exd5 Nf6 18. Bh6 Bc8 19. g4 Rb7 20. Ng3 Rbe7 21. Bxg7 Kxg7 22. g5 Nh5 23. Nxh5+ gxh5 24. Kh2 Bf5 25. Rb2 Re5 26. Nd1 Bg6 27. f4 Re2 28. Qc3+ Kg8 29. Rxe2 Rxe2 30. Qf3 Qe7 31. f5 Qe5+ 32. Kg1 Bxf5 33. Qxf5 Qxf5 34. Rxf5 Nxb3 35. Bf3 Rc2 36. Ne3 Rc3 37. Kf2 Nd4 38. Rf6 b5 39. axb5 axb5 40. cxb5 Nxb5 41. Bxh5 1-0


[Site "https://www.chess.com"]

[Event "Titled Tuesday Blitz August 15 Late 2023"]
[White "Holt, Conrad"]
[Black "Vachier-Lagrave, Maxime"]
[WhiteFideId "2034387"]
[BlackFideId "623539"]
[WhiteElo "2903"]
[BlackElo "3133"]
[Result "1/2-1/2"]
[Round "6"]
[TimeControl "180+1"]
[Date "2023.08.15"]
[WhiteClock "0:00:18"]
[BlackClock "0:00:09"]
[Board "2"]

1. d4 d5 2. c4 dxc4 3. e3 Nf6 4. Bxc4 e6 5. Nf3 a6 6. O-O c5 7. Be2 cxd4 8. exd4 Be7 9. Ne5 Bd7 10. Nc3 Bc6 11. Bg5 O-O 12. Re1 Nd5 13. Be3 Nxe3 14. fxe3 Nd7 15. Nxc6 bxc6 16. Rc1 c5 17. d5 exd5 18. Nxd5 Nf6 19. Bc4 Nxd5 20. Bxd5 Rb8 21. b3 Kh8 22. Bc4 Qb6 23. Qh5 g6 24. Qh6 Bf6 25. Rcd1 Rbd8 26. Rf1 Bg7 27. Qf4 Rxd1 28. Rxd1 a5 29. Rd7 f5 30. h4 Qf6 31. h5 gxh5 32. a4 Bh6 33. Qf2 Qa1+ 34. Kh2 Qe5+ 35. Kh3 Bxe3 36. Qf3 f4 37. Qd5 Qxd5 38. Rxd5 f3 39. gxf3 Rxf3+ 40. Kg2 Rf6 41. Rxh5 h6 42. Rd5 Kg7 43. Re5 Bd4 44. Re7+ Kg6 45. Re6 Rxe6 46. Bxe6 Kf6 47. Bc4 Ke5 48. Kh1 Be3 49. Bg8 Bg5 50. Bc4 Kf4 51. Bg8 Kg3 52. Bc4 h5 53. Bg8 h4 54. Bc4 h3 55. Bg8 h2 56. Bc4 Bf4 57. Bg8 Kf3 58. Bc4 Ke3 59. Bg8 Kd4 60. Bc4 Kc3 61. Bg8 Kd4 62. Bc4 Ke5 63. Bg8 Kf6 64. Bc4 Kg7 65. Bd5 1/2-1/2


[Site "https://www.chess.com"]

[Event "Titled Tuesday Blitz August 15 Late 2023"]
[White "Bluebaum, Matthias"]
[Black "Nakamura, Hikaru"]
[WhiteFideId "24651516"]
[BlackFideId "2016192"]
[WhiteElo "3038"]
[BlackElo "3226"]
[Result "0-1"]
[Round "6"]
[TimeControl "180+1"]
[Date "2023.08.15"]
[WhiteClock "0:00:27"]
[BlackClock "0:00:21"]
[Board "3"]

1. d4 a6 2. e4 c6 3. Nf3 d5 4. exd5 cxd5 5. c3 Bf5 6. Nh4 Be4 7. Nd2 Bg6 8. Nxg6 hxg6 9. Qb3 Qd7 10. Nf3 Nc6 11. Bd3 e6 12. Bf4 Nf6 13. h3 Be7 14. a4 O-O 15. h4 Bd6 16. Bg5 Rfe8 17. Kf1 Ne4 18. Re1 f5 19. h5 gxh5 20. Rxh5 Qf7 21. Rh3 Rab8 22. Be3 Qg6 23. Qd1 Kf7 24. Nh4 Qf6 25. Qh5+ g6 26. Qh7+ Qg7 27. Nf3 Rh8 28. Ng5+ Nxg5 29. Qxg7+ Kxg7 30. Bxg5 Rxh3 31. gxh3 Kf7 32. Kg2 Be7 33. Bf4 Rh8 34. b4 g5 35. Bd2 Rc8 36. Rb1 Nb8 37. a5 Nc6 38. Ra1 Na7 39. Rb1 Nb5 40. Rb3 Kg6 41. Kf3 Bd6 42. Kg2 Kf6 43. Kf3 Bc7 44. Kg2 Nd6 45. Be1 f4 46. Rb1 Bd8 47. Bd2 Ne4 48. Be1 Bc7 49. Kf3 Nd6 50. Bd2 Rh8 51. Kg2 Ne4 52. Be1 Nd6 53. Bd2 Nf5 54. Bxf5 Kxf5 55. b5 Ra8 56. b6 Bd6 57. Kf3 Rh8 58. Kg2 Rc8 59. Rh1 Be7 60. Kf3 Rh8 61. Kg2 Bd6 62. f3 Be7 63. Be1 Rc8 64. h4 gxh4 65. Bxh4 Rg8+ 66. Kf2 Rh8 67. Bxe7 Rxh1 68. Bb4 Rc1 69. Ke2 Rc2+ 70. Ke1 Rg2 71. Kf1 Ra2 72. Ke1 Kg5 73. Bd6 Kh5 74. Bxf4 Rxa5 75. Kd2 Rb5 76. Bc7 a5 77. Kc2 a4 78. Bd6 Rxb6 79. Bc5 Rb3 80. Ba3 Kg6 81. Bd6 Kf5 82. Be5 b5 83. Bd6 Kg6 84. Be7 Kh5 85. Bd6 Kh4 86. f4 Kg4 87. Kd3 a3 88. Kc2 a2 89. Kxb3 a1=Q 90. Kb4 Kf5 91. Kc5 Qxc3+ 92. Kxb5 Qxd4 93. Be5 Qxe5 94. fxe5 Kxe5 95. Kc5 Ke4 96. Kb6 d4 97. Ka7 d3 98. Ka8 d2 99. Ka7 d1=Q 100. Kb8 Qc2 101. Kb7 Qc5 102. Ka8 Qb5 103. Ka7 Kd5 104. Ka8 e5 105. Ka7 e4 106. Ka8 e3 107. Ka7 e2 108. Ka8 Kc6 109. Ka7 Qb6+ 110. Ka8 Qb7# 0-1


[Site "https://www.chess.com"]

[Event "Titled Tuesday Blitz August 15 Late 2023"]
[White "Xiong, Jeffery"]
[Black "Fedoseev, Vladimir"]
[WhiteFideId "2047640"]
[BlackFideId "24130737"]
[WhiteElo "2979"]
[BlackElo "3120"]
[Result "1-0"]
[Round "6"]
[TimeControl "180+1"]
[Date "2023.08.15"]
[WhiteClock "0:00:04"]
[BlackClock "0:00:00"]
[Board "4"]

1. e4 c6 2. Nf3 d5 3. d3 Qc7 4. exd5 cxd5 5. c4 Nf6 6. Nc3 e6 7. a3 a6 8. g3 Bd6 9. Bg2 O-O 10. O-O Nc6 11. b4 h6 12. c5 Be7 13. d4 Ne4 14. Nxe4 dxe4 15. Ne5 Nxe5 16. Bf4 Nf3+ 17. Bxf3 Qc6 18. Bg2 Rd8 19. Re1 f5 20. Be5 a5 21. Rb1 axb4 22. axb4 Ra3 23. b5 Qd5 24. Qc1 Rd3 25. Bf1 Bg5 26. Qc2 Rd2 27. Qc3 Qa2 28. h4 e3 29. fxe3 Rh2 30. Re2 Rxe2 31. Ra1 Bxe3+ 32. Qxe3 Rxe3 33. Rxa2 Bd7 34. Ra7 b6 35. cxb6 Rb3 36. b7 Bxb5 37. Bxb5 Rxb5 38. Ra8 Rxb7 39. Rxd8+ Kf7 40. h5 g6 41. hxg6+ Kxg6 42. Rg8+ Kh5 43. Kg2 Rb2+ 44. Kh3 Rb3 45. Bf4 e5 46. Bxe5 f4 47. Rg4 1-0


[Site "https://www.chess.com"]

[Event "Titled Tuesday Blitz August 15 Late 2023"]
[White "Kazakouski, Valery"]
[Black "Aronian, Levon"]
[WhiteFideId "13507443"]
[BlackFideId "13300474"]
[WhiteElo "2925"]
[BlackElo "3080"]
[Result "1-0"]
[Round "6"]
[TimeControl "180+1"]
[Date "2023.08.15"]
[WhiteClock "0:00:07"]
[BlackClock "0:00:06"]
[Board "5"]

1. Nf3 Nf6 2. c4 g6 3. g3 Bg7 4. Bg2 O-O 5. O-O Nc6 6. d4 d6 7. Nc3 Rb8 8. d5 Na5 9. b3 c6 10. dxc6 bxc6 11. Bg5 h6 12. Bxf6 Bxf6 13. Qd2 Bg7 14. Rad1 Qb6 15. Nd4 Bd7 16. e3 Rfd8 17. Rfe1 Be8 18. Qc2 Qc7 19. h4 e6 20. Nde2 d5 21. c5 Qe7 22. Na4 e5 23. e4 d4 24. Nc1 Bd7 25. Nd3 Be6 26. Nab2 h5 27. b4 Nb7 28. Nc4 Qc7 29. Kh2 Rf8 30. Bh3 Nd8 31. Bxe6 Nxe6 32. Nd6 Qe7 33. a3 Nc7 34. Qc4 Kh7 35. Kg2 Nb5 36. Nxb5 cxb5 37. Qa2 f5 38. exf5 gxf5 39. Qe2 e4 40. Qxh5+ Kg8 41. Nf4 Qf6 42. Qg5 d3 43. Qxf6 Bxf6 44. Nd5 Bb2 45. f3 Rbd8 46. fxe4 fxe4 47. Ne7+ Kh7 48. Rxe4 Bxa3 49. Nc6 Rd5 50. Re7+ Kh6 51. Rxa7 Bb2 52. Ra2 Bf6 53. Rad2 Rc8 54. Na7 Rcd8 55. Nxb5 Rb8 56. Nc7 Rd7 57. Na6 Rbd8 58. c6 Rd6 59. c7 Re8 60. b5 Re2+ 61. Kf3 Re8 62. Rxd3 Rde6 63. Rd6 Re2 64. Rxf6+ Kg7 65. Rf4 R8e3+ 66. Kg4 Rg2 67. Rf3 Re4+ 68. Kh3 Rc2 69. Rd7+ Kg6 70. Rd6+ Kh5 71. g4+ Rxg4 72. Rf5+ Rg5 73. Rxg5# 1-0


[Site "https://www.chess.com"]

[Event "Titled Tuesday Blitz August 15 Late 2023"]
[White "Deac, Bogdan-Daniel"]
[Black "Lobanov, Sergei"]
[WhiteFideId "1226380"]
[BlackFideId "24183750"]
[WhiteElo "3000"]
[BlackElo "2782"]
[Result "1/2-1/2"]
[Round "6"]
[TimeControl "180+1"]
[Date "2023.08.15"]
[WhiteClock "0:00:09"]
[BlackClock "0:00:08"]
[Board "6"]

1. d4 Nf6 2. Nf3 d5 3. e3 Bg4 4. h3 Bxf3 5. Qxf3 e6 6. c4 c6 7. Bd3 Be7 8. O-O O-O 9. Nc3 Nbd7 10. Rd1 Qc7 11. b3 Rad8 12. Bb2 a6 13. Rac1 Qb8 14. e4 dxe4 15. Nxe4 Nxe4 16. Bxe4 Bf6 17. Rc2 Rfe8 18. g3 Qc7 19. Rcd2 Qa5 20. Bc3 Qb6 21. h4 Qc7 22. Kg2 Nf8 23. Bb2 Rd7 24. h5 h6 25. Qe3 Red8 26. f4 Qb6 27. Bf3 Qa7 28. g4 e5 29. Qe4 exf4 30. d5 Bxb2 31. Rxb2 cxd5 32. cxd5 Nh7 33. Qxf4 Ng5 34. Rbd2 Rd6 35. Qd4 Qb8 36. Rd3 Qc7 37. Qc3 Qd7 38. Qc4 Rc8 39. Qf4 Rc2+ 40. R1d2 Rc8 41. Qg3 Re8 42. Kh2 Nxf3+ 43. Qxf3 Re5 44. Rd4 Rg5 45. Qf4 Rf6 46. Qg3 Rd6 47. Qf4 Rgxd5 48. Rxd5 Rxd5 49. Rxd5 Qxd5 50. Qb8+ Kh7 51. Qf4 f6 52. Qe3 Kg8 53. Qe8+ Kh7 54. Qg6+ Kh8 55. Qe8+ Qg8 56. Qd7 Qb8+ 57. Kh3 b5 58. Qc6 Qa7 59. Qe8+ Kh7 60. Qg6+ Kg8 61. Qe8+ Kh7 62. Qg6+ Kg8 63. Qe8+ Kh7 1/2-1/2


[Site "https://www.chess.com"]

[Event "Titled Tuesday Blitz August 15 Late 2023"]
[White "Naroditsky, Daniel"]
[Black "Kravtsiv, Martyn"]
[WhiteFideId "2026961"]
[BlackFideId "14113147"]
[WhiteElo "3157"]
[BlackElo "2845"]
[Result "1-0"]
[Round "6"]
[TimeControl "180+1"]
[Date "2023.08.15"]
[WhiteClock "0:00:09"]
[BlackClock "0:00:05"]
[Board "7"]

1. e4 e5 2. Nf3 Nc6 3. Nc3 Nf6 4. d4 exd4 5. Nd5 Be7 6. Bd3 d6 7. h3 O-O 8. O-O Re8 9. Nxe7+ Qxe7 10. Re1 Bd7 11. Bg5 h6 12. Bh4 g5 13. Bg3 Nh5 14. Nxd4 Nxg3 15. Nxc6 Bxc6 16. fxg3 Qe5 17. Qh5 Kg7 18. Rf1 Re7 19. Rf5 Qd4+ 20. Kh2 Bd7 21. Rf3 f6 22. e5 Be8 23. exf6+ Qxf6 24. Qg4 Qe5 25. Raf1 Bd7 26. Qh5 Be8 27. Qg4 Bd7 28. Qc4 Be6 29. Qa4 c5 30. Rf6 Qxf6 31. Rxf6 Kxf6 32. Qe4 Rg8 33. Qf3+ Kg7 34. Qe4 Kf6 35. Qf3+ Kg7 36. Qe4 Kf8 37. Qf3+ Rf7 38. Qe4 Re7 39. Qf3+ Ke8 40. Qf6 g4 41. h4 c4 42. Bh7 Rgg7 43. Bg6+ Kd7 44. h5 d5 45. Qf4 Kc6 46. Qxh6 b5 47. Bf5 Kd6 48. Bxe6 Rh7 49. Qg6 Reg7 50. Qf6 Rxh5+ 51. Kg1 Rhg5 52. Bxg4+ Kc5 53. Bf3 b4 54. c3 bxc3 55. bxc3 a5 56. g4 a4 57. Qd4+ Kd6 58. Qb6+ Ke5 59. Kf2 Rf7 60. Ke3 Re7 61. a3 Rgg7 62. Qd4+ Kd6+ 63. Kf2 Rg5 64. Qf6+ 1-0


[Site "https://www.chess.com"]

[Event "Titled Tuesday Blitz August 15 Late 2023"]
[White "Moskalenko, Alexander"]
[Black "Bortnyk, Olexandr"]
[WhiteFideId "4155351"]
[BlackFideId "14120828"]
[WhiteElo "2887"]
[BlackElo "3080"]
[Result "0-1"]
[Round "6"]
[TimeControl "180+1"]
[Date "2023.08.15"]
[WhiteClock "0:00:00"]
[BlackClock "0:00:15"]
[Board "8"]

1. e4 Nf6 2. e5 Nd5 3. d4 d6 4. Nf3 dxe5 5. Nxe5 c6 6. c4 Nb4 7. Be3 Bf5 8. Nd3 e5 9. Nxb4 Bxb4+ 10. Nc3 exd4 11. Qxd4 O-O 12. Be2 Qxd4 13. Bxd4 Re8 14. O-O-O Na6 15. Bd3 Bg4 16. f3 Be6 17. Ne4 h6 18. a3 Be7 19. Rhe1 b6 20. Bc3 Rad8 21. Bf1 Nc5 22. Nxc5 Bxc5 23. Bd3 Bd6 24. g3 Kf8 25. Kc2 Rd7 26. f4 Rdd8 27. f5 Bc8 28. a4 a5 29. b3 Bc5 30. g4 f6 31. h3 Bf2 32. Rxe8+ Rxe8 33. Rf1 Bg3 34. Rf3 Bd6 35. Bd2 c5 36. Re3 Bb7 37. Rxe8+ Kxe8 38. Bf1 Be4+ 39. Kc1 Kd7 40. Be3 Be5 41. Kd2 Kd6 42. h4 Bg3 43. h5 Ke5 44. Be2 Bf4 45. Bd1 Bb1 46. Ke2 Ke4 47. Bf2 Bd3+ 48. Ke1 Bc1 49. Bg3 Ke3 50. Bf2+ Kf4 51. Bg1 Kg3 52. Bf2+ Kg2 53. Bh4 Be3 0-1


[Site "https://www.chess.com"]